[Event "ICC tourney 2257 (45 10)"]
[Site "Internet Chess Club"]
[Date "2020.12.30"]
[Round "1"]
[White "RishiMurali"]
[Black "bluntjackson"]
[Result "1-0"]
[ICCResult "Black resigns"]
[WhiteElo "1664"]
[BlackElo "1473"]
[Opening "Benoni defense"]
[ECO "A56"]
[NIC "BI.38"]
[Time "11:01:23"]
[PlyCount "51"]
[TimeControl "2700+10"]

1. d4 Nf6 2. c4 c5 3. d5 g6 4. e3 Bg7 5. Nc3 d6 6. Nf3 a6 7. Bd3 O-O 8. O-O
Bd7 9. e4 Ng4 10. h3 Ne5 11. Nxe5 Bxe5 12. f4 Bg7 13. Bd2 Qc8 14. f5 Be8
15. Be2 Nd7 16. Bg4 Ne5 17. f6 Nxg4 18. fxg7 Kxg7 19. Qxg4 Bd7 20. Qh4 h5
21. Qxe7 Qc7 22. Qf6+ Kh7 23. Qg5 b5 24. Qh6+ Kg8 25. Bg5 f5 26. Qxg6+ {
Black resigns } 1-0

[Event "ICC tourney 2257 (45 10)"]
[Site "Internet Chess Club"]
[Date "2020.12.30"]
[Round "1"]
[White "edwinthomas"]
[Black "ElijahL2020"]
[Result "1-0"]
[ICCResult "Black checkmated"]
[WhiteElo "1526"]
[BlackElo "1311"]
[Opening "Giuoco Pianissimo: Italian four knights variation"]
[ECO "C50"]
[NIC "IG.02"]
[Time "11:01:41"]
[PlyCount "99"]
[TimeControl "2700+10"]

1. e4 e5 2. Nf3 Nc6 3. Bc4 Bc5 4. Nc3 Nf6 5. d3 d6 6. h3 O-O 7. Bg5 Be6 8.
Nd5 Bxd5 9. exd5 Na5 10. Nd2 Nxc4 11. dxc4 Bb6 12. Ne4 Qd7 13. Bxf6 Qf5 14.
Qf3 Qxf3 15. gxf3 gxf6 16. Nxf6+ Kh8 17. Nd7 Rfd8 18. Nxb6 cxb6 19. O-O-O
Rac8 20. b3 Rg8 21. Rhg1 Rxg1 22. Rxg1 Rg8 23. Rg3 f5 24. Kd2 Rg6 25. b4
Kg7 26. Ke2 Kf7 27. Rxg6 hxg6 28. h4 Kf6 29. Ke3 f4+ 30. Ke4 a6 31. a3 Ke7
32. c5 bxc5 33. bxc5 Kd7 34. a4 Kc7 35. c4 Kd7 36. cxd6 Kxd6 37. c5+ Kxc5
38. Kxe5 b5 39. axb5 axb5 40. d6 Kc6 41. Ke6 b4 42. d7 b3 43. d8=Q b2 44.
Qb8 b1=Q 45. Qxb1 Kc7 46. Qd3 Kc8 47. Qd7+ Kb8 48. Kd6 g5 49. Kc6 gxh4 50.
Qb7# { Black checkmated } 1-0

[Event "ICC tourney 2257 (45 10)"]
[Site "Internet Chess Club"]
[Date "2020.12.30"]
[Round "1"]
[White "KawordianKnight"]
[Black "eliwilner"]
[Result "1-0"]
[ICCResult "Black resigns"]
[WhiteElo "1553"]
[BlackElo "1333"]
[Opening "Torre attack (Tartakower variation)"]
[ECO "D03"]
[NIC "QP.06"]
[Time "11:01:40"]
[PlyCount "37"]
[TimeControl "2700+10"]

1. d4 Nf6 2. Nf3 d5 3. Bg5 e6 4. e3 Be7 5. Nbd2 Nbd7 6. c3 c5 7. Bd3 h6 8.
Bh4 O-O 9. O-O Ng4 10. Bg3 cxd4 11. cxd4 Ngf6 12. h3 Nb6 13. Rc1 Bd6 14.
Ne5 Nbd7 15. f4 Qa5 16. Bb1 b6 17. Qc2 Bb7 18. Nxd7 Rac8 19. Nxf6+ { Black
resigns } 1-0

[Event "ICC tourney 2257 (45 10)"]
[Site "Internet Chess Club"]
[Date "2020.12.30"]
[Round "1"]
[White "SeannDSpeyer"]
[Black "krishghosh"]
[Result "1-0"]
[ICCResult "Black checkmated"]
[WhiteElo "1279"]
[BlackElo "1520"]
[Opening "Queen's pawn: Charlick (Englund) gambit"]
[ECO "A40"]
[NIC "QO.17"]
[Time "11:01:52"]
[PlyCount "79"]
[TimeControl "2700+10"]

1. d4 e5 2. Nf3 Nc6 3. g3 exd4 4. Nxd4 Bc5 5. Nxc6 Qf6 6. e3 dxc6 7. Bg2
Ne7 8. O-O O-O 9. Nc3 Be6 10. Ne4 Qe5 11. f4 Bxe3+ 12. Bxe3 Qxb2 13. Bd4
Qa3 14. Bc5 Qa5 15. Bxe7 Rfe8 16. Bc5 b6 17. Bf2 Rad8 18. Qe1 Qf5 19. Qc3
Bd5 20. Nd2 Bxg2 21. Kxg2 Qd5+ 22. Nf3 Qh5 23. Qxc6 Qf5 24. Qxc7 Rc8 25.
Qd6 Rxc2 26. Nd4 Qe4+ 27. Kg1 Rcc8 28. Rae1 Qd3 29. Rxe8+ Rxe8 30. Qb4 h5
31. Qb5 Qg6 32. Qxe8+ Kh7 33. f5 Qf6 34. Qe2 h4 35. Qh5+ Kg8 36. Qxh4 Qd6
37. Rc1 Qd7 38. f6 g6 39. Qh6 Qxd4 40. Qg7# { Black checkmated } 1-0

[Event "ICC tourney 2257 (45 10)"]
[Site "Internet Chess Club"]
[Date "2020.12.30"]
[Round "1"]
[White "marinaxiao"]
[Black "ChessG2011"]
[Result "1-0"]
[ICCResult "Black resigns"]
[WhiteElo "1556"]
[BlackElo "1183"]
[Opening "Giuoco Piano"]
[ECO "C54"]
[NIC "IG.02"]
[Time "11:01:38"]
[PlyCount "57"]
[TimeControl "2700+10"]

1. e4 e5 2. Nf3 Nc6 3. Bc4 Bc5 4. c3 Nf6 5. d3 h6 6. a4 a6 7. O-O O-O 8.
Nbd2 d6 9. h3 Bd7 10. Re1 Nh7 11. Nf1 Qf6 12. Ng3 Qg6 13. Be3 Bxe3 14. Rxe3
Ng5 15. Nh4 Qf6 16. Nh5 Qe7 17. Ng6 Nxh3+ 18. gxh3 Qg5+ 19. Rg3 Qd8 20. Qf3
Ne7 21. Nf6+ gxf6 22. Nxe7+ Kh7 23. Qxf6 Bg4 24. Rxg4 Rg8 25. Qxf7+ Kh8 26.
Qf6+ Kh7 27. Bxg8+ Qxg8 28. Nxg8 Rxg8 29. Qf7+ { Black resigns } 1-0

[Event "ICC tourney 2257 (45 10)"]
[Site "Internet Chess Club"]
[Date "2020.12.30"]
[Round "1"]
[White "audreykeyanli"]
[Black "fromdaus214"]
[Result "1/2-1/2"]
[ICCResult "Game drawn by mutual agreement"]
[WhiteElo "1240"]
[BlackElo "1464"]
[Opening "Giuoco Piano"]
[ECO "C50"]
[NIC "IG.02"]
[Time "11:02:18"]
[PlyCount "87"]
[TimeControl "2700+10"]

1. e4 e5 2. Nf3 Nc6 3. Bc4 Bc5 4. Nc3 d6 5. h3 Nf6 6. a3 O-O 7. O-O h6 8.
d3 Be6 9. Bxe6 fxe6 10. Na4 Bb6 11. Nxb6 axb6 12. Be3 d5 13. Re1 Kh8 14. b4
d4 15. Bd2 Nd7 16. a4 Qf6 17. Qe2 Na7 18. c3 c5 19. bxc5 bxc5 20. Reb1 b6
21. a5 b5 22. a6 Rfc8 23. Nh2 Qg6 24. Qg4 Qxg4 25. Nxg4 Rc6 26. f4 Rb6 27.
Nxe5 Nxe5 28. fxe5 Nc6 29. cxd4 cxd4 30. Kf1 Nxe5 31. a7 Rb7 32. Ke2 Nf7
33. h4 Raxa7 34. Rxa7 Rxa7 35. Rxb5 Ra4 36. Rb4 Rxb4 37. Bxb4 h5 38. Be7 e5
39. Kf3 Kh7 40. g4 Kh6 41. Kg3 hxg4 42. Kxg4 g6 43. Bf6 Kh7 44. h5 { Game
drawn by mutual agreement } 1/2-1/2

[Event "ICC tourney 2257 (45 10)"]
[Site "Internet Chess Club"]
[Date "2020.12.30"]
[Round "1"]
[White "Abhinac123"]
[Black "michaelxiao"]
[Result "1-0"]
[ICCResult "Black resigns"]
[WhiteElo "1463"]
[BlackElo "1318"]
[Opening "Queen's gambit declined"]
[ECO "D30"]
[NIC "QP.08"]
[Time "11:01:37"]
[PlyCount "51"]
[TimeControl "2700+10"]

1. d4 d5 2. c4 e6 3. Nf3 Nf6 4. e3 c5 5. Nc3 Nc6 6. Bd3 cxd4 7. exd4 dxc4
8. Bxc4 Bb4 9. O-O O-O 10. Bg5 b6 11. Ne4 Be7 12. Ng3 Bb7 13. Rc1 Rc8 14.
Be3 Na5 15. Bd3 Rxc1 16. Qxc1 Bxf3 17. gxf3 Qd7 18. Qd2 Qd5 19. Rc1 Qxf3
20. Rc7 Bd6 21. Rxa7 Ng4 22. Be2 Qf6 23. Bxg4 Bxg3 24. hxg3 Nc4 25. Qc3
Nxe3 26. Qxe3 { Black resigns } 1-0

[Event "ICC tourney 2257 (45 10)"]
[Site "Internet Chess Club"]
[Date "2020.12.30"]
[Round "1"]
[White "akshajp"]
[Black "iamvoltu"]
[Result "0-1"]
[ICCResult "White checkmated"]
[WhiteElo "1403"]
[BlackElo "1600"]
[Opening "Queen's pawn"]
[ECO "A40"]
[NIC "QO.17"]
[Time "11:02:18"]
[PlyCount "74"]
[TimeControl "2700+10"]

1. d4 c6 2. Nc3 d5 3. Nf3 Bf5 4. e3 Nf6 5. Bd3 Bg6 6. Bxg6 hxg6 7. Qd3 e6
8. Bd2 Na6 9. a3 Be7 10. Ne5 Qc7 11. f4 Nb8 12. g4 Nbd7 13. Nxd7 Kxd7 14.
h3 Nxg4 15. Qe2 Bh4+ 16. Kf1 Nf6 17. e4 Nh5 18. Rg1 Ng3+ 19. Rxg3 Bxg3 20.
Qg4 Bh4 21. exd5 cxd5 22. Qe2 Bf6 23. Qg2 Bxd4 24. Nxd5 Qc4+ 25. Ke1 Qxd5
26. Qf1 Bxb2 27. Rb1 Bxa3 28. Rb3 Bd6 29. Rd3 Qe4+ 30. Kd1 Rac8 31. Qf2
Qh1+ 32. Ke2 Rxc2 33. Qxa7 Qg2+ 34. Ke1 Rxh3 35. Qa4+ Ke7 36. Rxh3 Qxd2+
37. Kf1 Qf2# { White checkmated } 0-1

[Event "ICC tourney 2257 (45 10)"]
[Site "Internet Chess Club"]
[Date "2020.12.30"]
[Round "1"]
[White "uhm44"]
[Black "salamenceg"]
[Result "1-0"]
[ICCResult "Black resigns"]
[WhiteElo "1472"]
[BlackElo "1080"]
[Opening "Grünfeld: modern exchange variation"]
[ECO "D85"]
[NIC "GI.04"]
[Time "11:01:40"]
[PlyCount "121"]
[TimeControl "2700+10"]

1. d4 Nf6 2. c4 g6 3. Nc3 d5 4. cxd5 Nxd5 5. e4 Nxc3 6. bxc3 Bg7 7. Nf3 c5
8. Be3 Nc6 9. Be2 O-O 10. O-O Qa5 11. Qc1 cxd4 12. cxd4 Bg4 13. Rd1 Rad8
14. e5 Qa4 15. Qb2 Bxf3 16. Bxf3 Na5 17. Be2 b6 18. Bb5 Nc4 19. Bxc4 Qxc4
20. Rac1 Qd5 21. Qd2 Rd7 22. f4 Rfd8 23. Qc2 f6 24. Kf2 fxe5 25. dxe5 Qxd1
26. Rxd1 Rxd1 27. Qb3+ Kh8 28. Qa4 R1d7 29. Qc6 Kg8 30. e6 Rd6 31. Qc7 Rf8
32. Qxe7 Rc6 33. Qxa7 Rxe6 34. g3 Rfe8 35. Bxb6 Re2+ 36. Kf3 R2e7 37. Qa5
Re1 38. Qd5+ Kh8 39. Qc4 R1e6 40. Bf2 h5 41. a4 R6e7 42. a5 Ra8 43. a6 Ree8
44. Qc6 Kh7 45. Bc5 Rec8 46. Qb6 Bf8 47. Bd4 Rcb8 48. Qc7+ Kg8 49. a7 Rc8
50. Qe5 Bh6 51. Qh8+ Kf7 52. Qxh6 Rh8 53. Qg5 Rhg8 54. Qd5+ Ke7 55. Qe5+
Kd7 56. Bc5 Kc6 57. Qd6+ Kb7 58. Qb6+ Kc8 59. Bd6 Kd7 60. Bb8 Kc8 61. Qc6+
{ Black resigns } 1-0

[Event "ICC tourney 2257 (45 10)"]
[Site "Internet Chess Club"]
[Date "2020.12.30"]
[Round "1"]
[White "DanSarnelli"]
[Black "IveDoneEnough"]
[Result "0-1"]
[ICCResult "White resigns"]
[WhiteElo "1409"]
[BlackElo "1645"]
[Opening "English: Bremen, reverse dragon"]
[ECO "A22"]
[NIC "EO.10"]
[Time "11:01:26"]
[PlyCount "138"]
[TimeControl "2700+10"]

1. c4 e5 2. Nc3 Nf6 3. g3 d5 4. cxd5 Nxd5 5. Bg2 Nxc3 6. bxc3 c6 7. Nf3 Qc7
8. O-O Be7 9. a4 Be6 10. Ba3 Bxa3 11. Rxa3 O-O 12. Ra1 Rd8 13. Qc2 f6 14.
d3 Nd7 15. c4 Rab8 16. a5 b6 17. axb6 axb6 18. Ra3 Qd6 19. Rfa1 b5 20. Nd2
Nc5 21. cxb5 cxb5 22. Ne4 Nxe4 23. Bxe4 Rdc8 24. Rc3 Rxc3 25. Qxc3 b4 26.
Qb2 b3 27. Rc1 Qd4 28. Rc3 Qa4 29. Rc1 Qa2 30. Rb1 Qxb2 31. Rxb2 f5 32. Bc6
Rc8 33. Ba4 Rc3 34. f3 Kf8 35. Kf2 e4 36. fxe4 fxe4 37. dxe4 Rc4 38. Bxb3
Rb4 39. Bxe6 Rxb2 40. Kf3 Ke7 41. Bd5 Kf6 42. h4 Ke5 43. Bg8 h6 44. g4 Kd4
45. g5 hxg5 46. hxg5 Rb1 47. Kf2 Rh1 48. Bd5 Rh5 49. g6 Rg5 50. e3+ Ke5 51.
Bf7 Kxe4 52. Be8 Rc5 53. Ba4 Rc3 54. Be8 Rc2+ 55. Kg3 Kxe3 56. Kg4 Rf2 57.
Kg5 Rg2+ 58. Kf5 Rg3 59. Ke6 Rf3 60. Bf7 Kf4 61. Ke7 Kg5 62. Kf8 Kf6 63.
Kg8 Rc3 64. Kh7 Rh3+ 65. Kg8 Rh6 66. Be8 Rxg6 67. Bxg6 Kxg6 68. Kf8 Kf6 69.
Kg8 g5 { White resigns } 0-1

[Event "ICC tourney 2257 (45 10)"]
[Site "Internet Chess Club"]
[Date "2020.12.30"]
[Round "1"]
[White "Davide25"]
[Black "handsomematch"]
[Result "1-0"]
[ICCResult "Black resigns"]
[WhiteElo "1390"]
[BlackElo "1226"]
[Opening "Grünfeld: 5.e3"]
[ECO "D94"]
[NIC "GI.09"]
[Time "11:01:49"]
[PlyCount "44"]
[TimeControl "2700+10"]

1. d4 Nf6 2. Nf3 g6 3. c4 Bg7 4. Nc3 d5 5. e3 O-O 6. cxd5 Nxd5 7. Bc4 Nxc3
8. bxc3 c5 9. h3 Nd7 10. O-O Nb6 11. Be2 Qc7 12. Ba3 c4 13. e4 Rd8 14. Qc2
e6 15. Rab1 Re8 16. e5 Bd7 17. Nd2 Rec8 18. Ne4 Rd8 19. Bd6 Qc6 20. Bf3 Nd5
21. Nc5 b6 22. Ne4 Qxd6 { Black resigns } 1-0

[Event "ICC tourney 2257 (45 10)"]
[Site "Internet Chess Club"]
[Date "2020.12.30"]
[Round "1"]
[White "yav"]
[Black "ishaan11"]
[Result "1/2-1/2"]
[ICCResult "Game drawn by mutual agreement"]
[WhiteElo "1335"]
[BlackElo "1553"]
[Opening "Sicilian: Kan, 5.Nc3"]
[ECO "B43"]
[NIC "SI.41"]
[Time "11:01:37"]
[PlyCount "118"]
[TimeControl "2700+10"]

1. e4 c5 2. Nf3 e6 3. d4 cxd4 4. Nxd4 a6 5. Nc3 Qc7 6. Be2 Nf6 7. a3 Be7 8.
O-O O-O 9. Bg5 d6 10. Qd2 b5 11. Bd3 Bb7 12. Rfe1 Nc6 13. Nf3 Rfd8 14. Rac1
Rac8 15. Qf4 h6 16. Bxh6 gxh6 17. Qxh6 Ng4 18. Qf4 Nce5 19. Nxe5 Nxe5 20.
Qh6 Bf8 21. Qg5+ Bg7 22. Re3 Qc5 23. Rg3 Ng6 24. e5 Qxe5 25. Bxg6 Qxg5 26.
Rxg5 fxg6 27. Rxg6 Kf7 28. Rg3 Bxc3 29. bxc3 Rg8 30. Rxg8 Rxg8 31. g3 Rc8
32. Rd1 Ke7 33. Rd3 Be4 34. Re3 Bxc2 35. Kg2 Rc4 36. h4 Re4 37. Rxe4 Bxe4+
38. f3 Bd3 39. g4 Kf6 40. Kg3 e5 41. Kf2 d5 42. Ke3 Bc2 43. f4 exf4+ 44.
Kxf4 a5 45. h5 d4 46. cxd4 b4 47. g5+ Kg7 48. axb4 axb4 49. Ke3 b3 50. Kd2
Be4 51. Kc3 Bd5 52. Kb2 Kf7 53. Kc3 Ke6 54. h6 Kf7 55. Kb2 Kg6 56. Kc3 Bg8
57. Kb2 Kxg5 58. h7 Bxh7 59. Kxb3 Be4 { Game drawn by mutual agreement }
1/2-1/2

[Event "ICC tourney 2257 (45 10)"]
[Site "Internet Chess Club"]
[Date "2020.12.30"]
[Round "1"]
[White "MajesticSnake"]
[Black "pusheen2019"]
[Result "1-0"]
[ICCResult "Black resigns"]
[WhiteElo "1217"]
[BlackElo "1499"]
[Opening "English: closed system"]
[ECO "A25"]
[NIC "EO.18"]
[Time "11:02:18"]
[PlyCount "129"]
[TimeControl "2700+10"]

1. c4 e5 2. g3 Nc6 3. Bg2 g6 4. Nc3 Bg7 5. e4 d6 6. Nge2 Nge7 7. O-O O-O 8.
d3 f5 9. exf5 Bxf5 10. f4 Rb8 11. Rb1 Qd7 12. Nd5 Kh8 13. Nxe7 Nxe7 14. b4
a6 15. Bb2 Nc6 16. a3 b5 17. cxb5 Rxb5 18. Rc1 Ne7 19. d4 Qc8 20. dxe5 dxe5
21. fxe5 Bxe5 22. Bxe5+ Rxe5 23. Qd4 Qe6 24. Nf4 Qd6 25. Qxd6 cxd6 26. Rfe1
Rxe1+ 27. Rxe1 Ng8 28. Bb7 Bc8 29. Bxc8 Rxc8 30. Rd1 Rd8 31. Ne6 Rd7 32.
Nc5 Ra7 33. Rxd6 a5 34. b5 Ne7 35. Ra6 Rxa6 36. bxa6 Nc6 37. Kf2 Kg7 38.
Ke3 Kf6 39. Nb3 Ke7 40. Nxa5 Na7 41. Kf4 Kf6 42. g4 g5+ 43. Ke4 Ke6 44. h3
h6 45. Kd4 Kd6 46. Nc4+ Kd7 47. Kc5 Kc7 48. Ne5 Nc8 49. Nf7 Nb6 50. Nxh6
Nd7+ 51. Kd5 Nb6+ 52. Ke5 Nc4+ 53. Kf5 Nxa3 54. Kxg5 Nc4 55. h4 Ne5 56. h5
Kb6 57. Kf5 Nxg4 58. Kxg4 Kxa6 59. Nf7 Kb5 60. h6 Kb4 61. h7 Ka3 62. h8=Q
Ka2 63. Qc3 Kb1 64. Qd2 Ka1 65. Kf4 { Black resigns } 1-0

[Event "ICC tourney 2257 (45 10)"]
[Site "Internet Chess Club"]
[Date "2020.12.30"]
[Round "1"]
[White "Supersky"]
[Black "Neal-Li"]
[Result "0-1"]
[ICCResult "White checkmated"]
[WhiteElo "1312"]
[BlackElo "1551"]
[Opening "Queen's pawn game"]
[ECO "D04"]
[NIC "QP.08"]
[Time "11:01:32"]
[PlyCount "68"]
[TimeControl "2700+10"]

1. d4 d5 2. Nf3 Nf6 3. e3 Bf5 4. Bd3 Bg6 5. O-O e6 6. b3 Nbd7 7. Bb2 c6 8.
Qe2 Bd6 9. Nbd2 O-O 10. Bxg6 fxg6 11. e4 Bc7 12. e5 Nh5 13. c4 Qe7 14. cxd5
exd5 15. Rfe1 Nf4 16. Qe3 Ne6 17. Rac1 Bb6 18. a3 Rac8 19. b4 a6 20. Nb3
Bc7 21. Nc5 Ndxc5 22. bxc5 g5 23. h3 h6 24. Qb3 Rb8 25. Re3 Qf7 26. Rc2 Nf4
27. Bc1 Qf5 28. Nh2 Ne6 29. Bb2 Nf4 30. Rf3 Qe4 31. Rd2 Qe1+ 32. Nf1 Qe4
33. Qd1 Ba5 34. Re3 Qxg2# { White checkmated } 0-1

[Event "ICC tourney 2257 (45 10)"]
[Site "Internet Chess Club"]
[Date "2020.12.30"]
[Round "1"]
[White "smartgoldfish"]
[Black "chessvedant19"]
[Result "1-0"]
[ICCResult "Black resigns"]
[WhiteElo "1181"]
[BlackElo "1522"]
[Opening "French: advance, Euwe variation"]
[ECO "C02"]
[NIC "FR.03"]
[Time "11:01:54"]
[PlyCount "75"]
[TimeControl "2700+10"]

1. e4 e6 2. d4 d5 3. e5 c5 4. c3 Nc6 5. Nf3 Bd7 6. Bd3 cxd4 7. cxd4 Bb4+ 8.
Nc3 Nge7 9. O-O O-O 10. Bxh7+ Kxh7 11. Ng5+ Kg6 12. Qg4 f5 13. Qg3 Qe8 14.
Nxe6+ Kf7 15. Ng5+ Kg8 16. e6 Bc8 17. Re1 Nxd4 18. Qh4 Qg6 19. Qxd4 Bxc3
20. Qxc3 f4 21. h4 Nf5 22. e7 Re8 23. Qe5 Rxe7 24. Qxd5+ Kf8 25. Qd8+ Re8
26. Rxe8+ Qxe8 27. Nh7+ Kf7 28. Qd5+ Kg6 29. Ng5 Qe1+ 30. Kh2 Qxf2 31. Qf7+
Kh6 32. Nf3 Qg3+ 33. Kh1 Ne3 34. Bxe3 fxe3 35. Qe8 Qf2 36. Rd1 Qg3 37.
Qxe3+ Kh7 38. Ng5+ { Black resigns } 1-0

[Event "ICC tourney 2257 (45 10)"]
[Site "Internet Chess Club"]
[Date "2020.12.30"]
[Round "1"]
[White "JudeNYC"]
[Black "serenacool"]
[Result "0-1"]
[ICCResult "White checkmated"]
[WhiteElo "1581"]
[BlackElo "1282"]
[Opening "Vienna gambit: Paulsen attack"]
[ECO "C29"]
[NIC "VG.03"]
[Time "11:01:30"]
[PlyCount "74"]
[TimeControl "2700+10"]

1. e4 e5 2. Nc3 Nf6 3. f4 d5 4. fxe5 Nxe4 5. Qf3 Nxc3 6. dxc3 Be6 7. Be3
Nc6 8. Bb5 Qh4+ 9. g3 Qg4 10. O-O-O a6 11. Bxc6+ bxc6 12. h3 Qxf3 13. Nxf3
Be7 14. g4 c5 15. Nd2 d4 16. cxd4 cxd4 17. Bxd4 h5 18. Rdg1 Bg5 19. gxh5
Rxh5 20. h4 Bh6 21. Kd1 Rd8 22. Bc3 Bd5 23. Rh3 Be6 24. Rd3 Rxh4 25. Nf3
Bg4 26. Rxd8+ Kxd8 27. Ke2 Rh2+ 28. Kd3 Bxf3 29. e6 Be2+ 30. Ke4 Rh4+ 31.
Kd5 Bc4+ 32. Kc6 Bxe6 33. Rd1+ Kc8 34. b3 Rh5 35. Bb4 Bh3 36. Rg1 Be3 37.
Rg3 Bd7# { White checkmated } 0-1

[Event "ICC tourney 2257 (45 10)"]
[Site "Internet Chess Club"]
[Date "2020.12.30"]
[Round "1"]
[White "IvSa"]
[Black "RobloxMadCity"]
[Result "1-0"]
[ICCResult "Black checkmated"]
[WhiteElo "1655"]
[BlackElo "1420"]
[Opening "QGD semi-Slav"]
[ECO "D43"]
[NIC "SL.03"]
[Time "11:02:18"]
[PlyCount "85"]
[TimeControl "2700+10"]

1. Nf3 d5 2. d4 Nf6 3. c4 c6 4. Nc3 e6 5. Bg5 Be7 6. e3 O-O 7. Bd3 dxc4 8.
Bxc4 Nbd7 9. O-O b5 10. Bd3 Bb7 11. Qe2 Rc8 12. Rac1 a6 13. a3 Qc7 14. Ne4
Nxe4 15. Bxe7 Rfe8 16. Bc5 Nexc5 17. dxc5 Nf6 18. e4 e5 19. b4 Rcd8 20.
Rfd1 a5 21. Nh4 axb4 22. axb4 g6 23. Bc2 Rxd1+ 24. Rxd1 Rd8 25. Bb3 Bc8 26.
h3 Qe7 27. Nf3 Nh5 28. Rxd8+ Qxd8 29. Nxe5 Be6 30. Bxe6 fxe6 31. Nxc6 Qd7
32. Qxb5 Qd1+ 33. Kh2 Qe1 34. Qb8+ Kg7 35. Qc7+ Kh6 36. f3 Qd2 37. Qd6 Qf2
38. Nd4 Qb2 39. Qf8+ Ng7 40. Qf4+ Kh5 41. h4 Qxg2+ 42. Kxg2 h6 43. Qg4# {
Black checkmated } 1-0

[Event "ICC tourney 2257 (45 10)"]
[Site "Internet Chess Club"]
[Date "2020.12.30"]
[Round "1"]
[White "ScorpianFire7"]
[Black "JonesGill"]
[Result "1-0"]
[ICCResult "Black resigns"]
[WhiteElo "1503"]
[BlackElo "1228"]
[Opening "KP: Nimzovich defense"]
[ECO "B00"]
[NIC "VO.06"]
[Time "11:01:31"]
[PlyCount "115"]
[TimeControl "2700+10"]

1. e4 Nc6 2. d4 d5 3. e5 f6 4. f4 Bf5 5. Nf3 e6 6. Bd3 Be4 7. Be3 Nh6 8. c3
Be7 9. Bxe4 dxe4 10. Nfd2 f5 11. Qh5+ Nf7 12. O-O h6 13. Qg6 Rg8 14. Qxe6
g6 15. Qb3 Na5 16. Qd1 Qd7 17. Nb3 Nc4 18. Qe2 Nxe3 19. Qxe3 g5 20. N1d2
O-O-O 21. g3 Rg7 22. c4 c6 23. Rac1 Kb8 24. c5 Rf8 25. Nc4 gxf4 26. Qxf4
Bg5 27. Qxf5 Qxf5 28. Rxf5 Bxc1 29. Nxc1 Re8 30. Kf2 Kc7 31. Ke3 Ng5 32. h4
Ne6 33. Ne2 Kd7 34. Kxe4 Ree7 35. Ne3 Nc7 36. Rf6 h5 37. Nf5 Rg4+ 38. Ke3
Nd5+ 39. Kf3 Nxf6 40. exf6 Rh7 41. Nf4 Ke8 42. Nxh5 Rg6 43. g4 Kf8 44. Kf4
Ke8 45. Nfg7+ Kf7 46. g5 Rh8 47. Kf5 Rg8 48. Nf4 R6xg7 49. fxg7 Kxg7 50.
Nh5+ Kf7 51. Nf6 Rh8 52. h5 Rf8 53. Ke5 Ke7 54. h6 Kf7 55. Kf5 Ke7 56. Kg6
Rf7 57. h7 Rf8 58. Ng8+ { Black resigns } 1-0

[Event "ICC tourney 2257 (45 10)"]
[Site "Internet Chess Club"]
[Date "2020.12.30"]
[Round "1"]
[White "shrek"]
[Black "fhunfi"]
[Result "1-0"]
[ICCResult "Black resigns"]
[WhiteElo "1462"]
[BlackElo "1693"]
[Opening "Nimzovich-Larsen attack"]
[ECO "A01"]
[NIC "VO.08"]
[Time "11:01:31"]
[PlyCount "111"]
[TimeControl "2700+10"]

1. b3 e6 2. Bb2 f5 3. Nf3 Nf6 4. e3 Be7 5. d4 b6 6. c4 Bb7 7. Nbd2 O-O 8.
Qc2 Qe8 9. Bd3 a5 10. h3 Na6 11. a3 c5 12. g4 Ne4 13. Rg1 Nxd2 14. Nxd2 Qf7
15. gxf5 exf5 16. d5 g6 17. Nf1 Bf6 18. Ng3 Bxb2 19. Qxb2 f4 20. Nf5 Qf6
21. Qxf6 Rxf6 22. Nh6+ Kg7 23. Ng4 Rff8 24. e4 d6 25. O-O-O Rae8 26. f3 Bc8
27. h4 Bxg4 28. Rxg4 Nc7 29. Rdg1 Rf6 30. h5 Re5 31. hxg6 hxg6 32. Rh1 Ne8
33. Rgh4 Rh5 34. Rxh5 gxh5 35. Rxh5 Rf8 36. Rh4 Rf7 37. Bf1 Kg6 38. Bh3 Ng7
39. Rh8 Nh5 40. Rd8 Rf6 41. Rb8 Ng3 42. Kd2 Kg5 43. Rxb6 Rh6 44. Bg4 Rh2+
45. Kd3 Nf1 46. Rxd6 Ne3 47. Rd8 Rb2 48. Rg8+ Kh4 49. d6 Rxb3+ 50. Kd2 Rb2+
51. Kc3 Rc2+ 52. Kb3 a4+ 53. Kxa4 Rxc4+ 54. Kb5 Rd4 55. d7 c4 56. d8=Q+ {
Black resigns } 1-0

[Event "ICC tourney 2257 (45 10)"]
[Site "Internet Chess Club"]
[Date "2020.12.30"]
[Round "1"]
[White "al68067"]
[Black "lwaharte"]
[Result "1-0"]
[ICCResult "Black resigns"]
[WhiteElo "1091"]
[BlackElo "1473"]
[Opening "Grünfeld with Bf4 & e3"]
[ECO "D93"]
[NIC "QP.03"]
[Time "11:02:14"]
[PlyCount "65"]
[TimeControl "2700+10"]

1. d4 Nf6 2. Bf4 g6 3. Nf3 Bg7 4. e3 d5 5. c4 O-O 6. Nc3 c6 7. Bd3 Bg4 8.
h3 Bxf3 9. Qxf3 e6 10. O-O Nbd7 11. Rac1 Rc8 12. cxd5 exd5 13. Rc2 Nh5 14.
Bh2 Nb6 15. Ne2 Qe7 16. Rfc1 f5 17. Nc3 Nf6 18. Be5 Nbd7 19. Bf4 Ne4 20.
Nxd5 Qe8 21. Nc7 Qe7 22. Bc4+ Kh8 23. Ne6 Rf6 24. Nxg7 Kxg7 25. Bd3 Rff8
26. Bxe4 fxe4 27. Qg3 Nf6 28. Bd6 Qe6 29. Bxf8+ Rxf8 30. a3 Kg8 31. Rc5 Nh5
32. Rxh5 Kh8 33. Qe5+ { Black resigns } 1-0

[Event "ICC tourney 2257 (45 10)"]
[Site "Internet Chess Club"]
[Date "2020.12.30"]
[Round "1"]
[White "mrerikchin"]
[Black "Fredzhang"]
[Result "1-0"]
[ICCResult "Black checkmated"]
[WhiteElo "1636"]
[BlackElo "1319"]
[Opening "English: symmetrical variation"]
[ECO "A36"]
[NIC "EO.64"]
[Time "11:01:24"]
[PlyCount "97"]
[TimeControl "2700+10"]

1. c4 c5 2. Nc3 Nc6 3. g3 Nf6 4. Bg2 e6 5. e4 d5 6. exd5 exd5 7. Nxd5 Be6
8. Qe2 Bd6 9. Nf3 O-O 10. Ne3 Re8 11. O-O Qd7 12. Qd1 Rad8 13. d4 cxd4 14.
Nxd4 Bh3 15. Nxc6 bxc6 16. b3 Bxg2 17. Kxg2 Ne4 18. Bb2 Bf8 19. Qxd7 Rxd7
20. Rad1 Rdd8 21. Rxd8 Rxd8 22. Rd1 Re8 23. Rd7 a5 24. Kf3 Ng5+ 25. Ke2 Ne4
26. f3 Nc5 27. Ra7 Ne6 28. Rxa5 Bb4 29. Ra6 c5 30. a3 Nd4+ 31. Bxd4 cxd4
32. axb4 Rxe3+ 33. Kd2 Kf8 34. Ra3 Ke7 35. b5 Kd6 36. Ra6+ Kc5 37. Rc6+ Kb4
38. b6 Re8 39. b7 Rb8 40. Rc7 Kxb3 41. c5 Kb4 42. c6 Kb5 43. Rc8 Rxc8 44.
bxc8=Q Kc4 45. Qa6+ Kd5 46. c7 Ke5 47. c8=Q g6 48. Qe8+ Kd5 49. Qac6# {
Black checkmated } 1-0

[Event "ICC tourney 2257 (45 10)"]
[Site "Internet Chess Club"]
[Date "2020.12.30"]
[Round "1"]
[White "andrewharris24"]
[Black "JackOliver"]
[Result "1-0"]
[ICCResult "Black checkmated"]
[WhiteElo "1692"]
[BlackElo "1449"]
[Opening "Bogo-Indian defense, Nimzovich variation"]
[ECO "E11"]
[NIC "QI.01"]
[Time "11:05:06"]
[PlyCount "93"]
[TimeControl "2700+10"]

1. d4 Nf6 2. c4 e6 3. Nf3 Bb4+ 4. Bd2 Qe7 5. Nc3 O-O 6. g3 d5 7. Bg2 Bxc3
8. bxc3 Ne4 9. O-O c6 10. Qc2 Nd7 11. Rab1 Nb6 12. Ne5 Nxd2 13. Qxd2 Nxc4
14. Nxc4 dxc4 15. a4 Rb8 16. Bxc6 b6 17. Qa2 Ba6 18. Bb5 Bxb5 19. axb5 Rfc8
20. Rb4 Qc7 21. Ra1 Ra8 22. Ra4 Qd7 23. Rb4 Qd5 24. Qb2 Rc7 25. Raa4 g6 26.
Qa2 Kg7 27. Rxc4 Rxc4 28. Qxc4 Qe4 29. Qd3 Qd5 30. c4 Qd7 31. c5 bxc5 32.
dxc5 Qe8 33. c6 Rd8 34. Qc3+ Kg8 35. Rxa7 Rd1+ 36. Kg2 Rd8 37. c7 Rc8 38.
b6 Qd7 39. b7 Qd5+ 40. Qf3 Rxc7 41. Qxd5 exd5 42. b8=Q+ Rc8 43. Qxc8+ Kg7
44. Qd7 d4 45. Qxf7+ Kh6 46. h4 d3 47. Qxh7# { Black checkmated } 1-0